 Dungeon Crawl Stone Soup version 0.31-a0-889-g1a8549509d (webtiles) character file.

Game seed: 17168134264763507465

85 Maratek the Ducker (level 4, 0/31 HPs)
             Began as an Octopode Fighter on Oct 16, 2023.
             Slain by a centaur (4 damage)
             ... on level 3 of the Dungeon.
             The game lasted 00:03:34 (1898 turns).

Maratek the Ducker (Octopode Fighter)               Turns: 1898, Time: 00:03:34

Health: 0/31       AC:  1    Str: 17    XL:     4   Next: 48%
Magic:  4/4        EV: 13    Int: 12    God:
Gold:   165        SH:  4    Dex: 11    Spells: 3/3 levels left

rFire   . . .        a - +0 war axe
rCold   + + .        b - +0 buckler
rNeg    . . .        (helmet restricted)
rPois   +            (no amulet)
rElec   .            j - ring of protection from cold
rCorr   .            o - ring "Neskex" {Wiz rPois rC+ Int+2}
SInv    .            (no ring)
Will    .....        (no ring)
Stlth   +++          (no ring)
HPRegen 0.25/turn    (no ring)
MPRegen 0.09/turn    (no ring)
                     (no ring)

%: wizardry (x1)
@: no status effects
A: almost no armour, amphibious, 8 rings, camouflage 1, gelatinous body 1,
(nimble swimmer 1), tentacles
a: no special abilities


You were on level 3 of the Dungeon.
You visited 1 branch of the dungeon, and saw 3 of its levels.

You collected 165 gold pieces.

Inventory:

Hand Weapons
 a - a +0 war axe (weapon)
Missiles
 l - a throwing net
Armour
 b - a +0 buckler (worn)
Jewellery
 j - a ring of protection from cold (left tentacle)
 o - the ring "Neskex" (right tentacle) {Wiz rPois rC+ Int+2}
   (You found it on level 2 of the Dungeon)

   [ring of wizardry]

   Wiz:       It improves your spell success rate.
   Int+2:     It affects your intelligence (+2).
   rC+:       It protects you from cold.
   rPois:     It protects you from poison
Scrolls
 d - a scroll of fear
 k - a scroll of teleportation
Potions
 c - 2 potions of might
 e - a potion of attraction {unknown}
 g - 2 potions of enlightenment
 h - a potion of curing {unknown}
 i - a potion of mutation {unknown}
 m - a potion of brilliance {unknown}
 n - a potion of heal wounds {unknown}


   Skills:
 + Level 3.4 Fighting
 + Level 3.0 Axes
 + Level 3.5 Dodging
 + Level 1.9 Stealth
 + Level 3.3 Shields


You had 3 spell levels left.
You didn't know any spells.
Your spell library was empty.

Dungeon Overview and Level Annotations

Branches:
Dungeon (3/15)

Altars:

Shops:
D:2 :


Innate Abilities, Weirdness & Mutations

You cannot wear most types of armour.
You are amphibious.
You can wear up to eight rings at the same time.
Your skin changes colour to match your surroundings (Stealth+).
Your rubbery body absorbs attacks. (AC +1, EV +1)
((You are camouflaged when in or above water. (Stealth+)))
You have tentacles for arms and can constrict up to eight enemies at once.


Message History

An orc is nearby!
A centaur comes into view.
Found a scale mail.
The orc shouts!
The centaur shouts!
The orc closely misses you.
You closely miss the orc. You grab the orc. You constrict the orc.
The centaur wields a +0 shortbow.
The centaur shoots an arrow.
You block the arrow. The orc closely misses you.
The centaur shoots an arrow.
The arrow hits you!
You hit the orc.
The orc is heavily wounded.
You constrict the orc.
The centaur shoots an arrow.
You block the arrow. The orc barely misses you.
The centaur shoots an arrow.
The arrow hits you!
A rat comes into view.
You are too injured to fight recklessly!
You are too injured to fight recklessly!
You are too injured to fight recklessly!
Unknown command.
You are too injured to fight recklessly!
You are too injured to fight recklessly!
You are too injured to fight recklessly!
Unknown command.
You are too injured to fight recklessly!
You barely miss the orc.
The orc is almost dead.
You constrict the orc.
You kill the orc!
The rat bites you.
* * * LOW HITPOINT WARNING * * *
You see here a +0 scale mail.
You hit the rat. You grab the rat.
The rat is heavily wounded.
You hit the centaur but do no damage. You constrict the rat.
You kill the rat!
The centaur unwields a +0 shortbow.
The centaur closely misses you. x2
The centaur hits you.
* * * LOW HITPOINT WARNING * * *
The centaur misses you.
You hit the centaur but do no damage. The centaur hits you.
You die...

## #.# .. #.# .# #.#
.# #.# .# #.# .# #
#.# ##.# .# ##.#
#†c##..# .#.##
#@)....# ....####
#####...#.##
..#....# #.....#...#
#...##.# #.###...###
##.###.#####.####.##
#.# #............#
#.#########.######
#...........#
#############


You could see a centaur.

Vanquished Creatures
  Terence (D:2)
  2 adders (D:2)
  A dart slug (D:1)
  An orc (D:3)
  5 bats
  6 endoplasms
  2 giant cockroaches (D:1)
  3 hobgoblins
  4 kobolds
  2 quokkas (D:1)
  2 ball pythons
  5 frilled lizards
  A goblin (D:2)
  4 rats
39 creatures vanquished.

Notes
Turn   | Place    | Note
-------+----------+-------------------------------------------
     0 | D:1      | Maratek the Octopode Fighter began the quest for the Orb.
     0 | D:1      | Reached XP level 1. HP: 16/16 MP: 1/1
   130 | D:1      | Reached XP level 2. HP: 10/21 MP: 2/2
   880 | D:1      | Reached XP level 3. HP: 18/26 MP: 3/3
  1048 | D:2      | Found Eshriag's Vocational Training.
  1092 | D:2      | Noticed Terence
  1099 | D:2      | Killed Terence
  1100 | D:2      | Reached skill level 1 in Stealth
  1345 | D:2      | Reached XP level 4. HP: 31/31 MP: 4/4
  1524 | D:2      | Found a faded altar of an unknown god.
  1524 | D:2      | Noticed a balrug
  1660 | D:2      | Identified the ring "Neskex" {Wiz rPois rC+ Int+2}
  1891 | D:3      | Noticed a centaur
  1898 | D:3      | Slain by a centaur

Illustrated notes

Levels and vault maps discovered:
D:1:      scummos_arrival_simple_crosswalls, layout_basic
D:2:      layout_loops_ring, dreamdust_ecumenical_altar_sealed_demon,
          chequers_serial_rivers_micro_b, nicolae_shop_vocational, uniq_terence
D:3:      layout_loops_ring, gup_sewer_entry_bubbles

Skill      XL: |  1  2  3  4 |
---------------+-------------+-----
Stealth        | 1 |  1.9
Axes           | 3 |  3.0
Fighting       | |  3.4
Dodging        | |  3.5
Shields        | |  3.3

Action                     |  1- 3 |  4- 6 || total
---------------------------+-------+-------++-------
  Melee: War axe           |    57 |    24 ||    81
         Constrict         |    15 |     5 ||    20
         Tentacles         |     7 |     4 ||    11
    Use: Scroll            |       |     4 ||     4
   Stab: Sleeping          |     5 |     2 ||     7
 Armour: Skin              |    16 |    12 ||    28
  Dodge: Dodged            |    42 |    17 ||    59
  Block: Buckler           |     8 |     9 ||    17

Table legend: (Time is in decaauts)
 A = Elapsed time spent in this place.
 B = Non-inter-level travel time spent in this place.
 C = Inter-level travel time spent in this place.
 D = Time resting spent in this place.
 E = Time spent auto-exploring this place.
 F = Levels seen in this place.
 G = Mean time per level.
                   A        B        C        D        E       F      G
               +--------+--------+--------+--------+--------+-----+--------+
         Total |   1929 |   1848 |     81 |      0 |   1533 |   3 |  643.0 |
       Dungeon |   1929 |   1848 |     81 |      0 |   1533 |   3 |  643.0 |
               +--------+--------+--------+--------+--------+-----+--------+

Top non-repeatable levels by time:
     D:1: 1009 daAuts
     D:2: 801 daAuts
     D:3: 118 daAuts
